 Dungeon Crawl Stone Soup version 0.17-a0-725-gfa8c127 (webtiles) character file.

216 Trafet the Chopper (level 5, -1/41 HPs)
             Began as a Demigod Gladiator on Apr 21, 2015.
             Shot with an arrow by a centaur (4 damage)
             ... on level 5 of the Dungeon.
             The game lasted 00:07:16 (3290 turns).

Trafet the Chopper (Demigod Gladiator)              Turns: 3290, Time: 00:07:17

Health: -1/41      AC:  7    Str: 18    XL:     5   Next: 34%
Magic:  7/7        EV: 12    Int: 12    God:
Gold:   119        SH:  0    Dex: 18    Spells: 0 memorised, 4 levels left

rFire  . . .     SeeInvis .     a - +0 war axe
rCold  . . .     Clarity  .     v - +0 ring mail
rNeg   . . .     SustAb   +     (no shield)
rPois  .         Gourm    .     c - +0 helmet
rElec  .         Spirit   .     (no cloak)
rCorr  .         Warding  .     (no gloves)
rMut   .         Stasis   .     (no boots)
MR     .....                    (no amulet)
Stlth  +.........               g - +1 ring of protection
                                (no ring)

@: very slightly contaminated, hasted, very quick, not resistant to hostile
enchantments, very unstealthy
A: high mp 1, sustain abilities
a: no special abilities


You were on level 5 of the Dungeon.
You were hungry.

You visited 1 branch of the dungeon, and saw 5 of its levels.

You collected 119 gold pieces.

Inventory:

Hand weapons
 a - a +0 war axe (weapon)
 j - a +0 hunting sling
Missiles
 d - 3 throwing nets (quivered)
 k - 159 stones
 l - 29 arrows
 m - 34 bolts
 n - 38 sling bullets
 o - 10 arrows of frost
Armour
 b - a +0 leather armour
 c - a +0 helmet (worn)
 v - a +0 ring mail (worn)
Jewellery
 e - an uncursed ring of teleportation
 g - a +1 ring of protection (right hand)
Scrolls
 h - 3 scrolls of teleportation
 i - a scroll of magic mapping
 q - a scroll of noise {unknown}
 s - a scroll of enchant armour {unknown}
Potions
 p - a potion of brilliance
Comestibles
 f - 4 bread rations


   Skills:
 - Level 1.7 Fighting
 + Level 5.8 Axes
 - Level 1.7 Throwing
 - Level 2.6 Dodging


You had 4 spell levels left.
You didn't know any spells.

Dungeon Overview and Level Annotations

Branches:
Dungeon (6/15)             Temple (0/1) D:6

Annotations:
D:6 Eustachio


Innate Abilities, Weirdness & Mutations

You have an increased reservoir of magic (+10% MP).
Your attributes are resistant to harm.


Message History

There is an open door here.
The centaur shoots an arrow.
The arrow closely misses you.
You close the door.
Drink which item? (? for menu, Esc to quit)
Okay, then.
There is an open door here.
Drink which item? (? for menu, Esc to quit)
You feel yourself speed up.
You are very lightly contaminated with residual magic.
The centaur shoots an arrow.
The arrow closely misses you.
You see here an arrow.
The centaur shoots an arrow.
The arrow hits you but does no damage.
You see here an arrow.
The centaur shoots an arrow.
The arrow hits you.
* * * LOW HITPOINT WARNING * * *
You see here an arrow.
A goblin comes into view. It is wielding a dagger.
The goblin shouts!
The centaur shoots an arrow.
The arrow hits you.
You die...

..# ..# ...... ..#
#......# ..# #......# ..#
#......# ..# ##......###
..# #.........#####
(.######c............#.##
.c'(c(.(.......>@........
[.######.........###.....
..'..(.(...(.....g......
..################.#...
'## .# . .# # .# .# .#


You could see a centaur and a goblin.

Vanquished Creatures
  A crimson imp (D:6)
  A jelly (D:6)
  An orc priest (D:6)
  4 adders
  A river rat (D:6)
  An ooze (D:1)
  2 worms (D:2)
  5 giant geckos
  3 orcs (D:6)
  7 bats
  4 giant cockroaches
  10 goblins
  5 hobgoblins
  2 jackals (D:3)
  12 kobolds
  A ball python (D:1)
  4 giant newts
  3 quokkas
  7 rats
74 creatures vanquished.

Notes
Turn   | Place    | Note
--------------------------------------------------------------
     0 | D:1      | Trafet, the Demigod Gladiator, began the quest for the Orb.
     0 | D:1      | Reached XP level 1. HP: 17/17 MP: 3/3
   144 | D:1      | Reached skill level 3 in Axes
   166 | D:1      | Reached XP level 2. HP: 15/24 MP: 4/4
   826 | D:2      | Found a snail-covered altar of Cheibriados.
   938 | D:2      | Found a bloodstained altar of Trog.
   950 | D:2      | Found a glowing golden altar of the Shining One.
   960 | D:2      | Found a sacrificial altar of Ru.
   966 | D:2      | Reached XP level 3. HP: 25/29 MP: 5/5
  1059 | D:2      | Reached skill level 4 in Axes
  1952 | D:2      | Reached XP level 4. HP: 36/36 MP: 6/6
  2464 | D:3      | You fall through a shaft for 3 floors!
  2598 | D:6      | Reached skill level 5 in Axes
  2668 | D:6      | Reached XP level 5. HP: 28/41 MP: 7/7
  2768 | D:6      | Found a staircase to the Ecumenical Temple.
  2918 | D:6      | Noticed Eustachio
  2950 | D:5      | Entered Level 5 of the Dungeon
  3290 | D:5      | Shot with an arrow by a centaur

Action                   |  1- 3 |  4- 6 || total
-------------------------+-------+-------++-------
Melee: War axe           |   131 |   109 ||   240
  Use: Scroll            |       |     4 ||     4
       Potion            |       |     4 ||     4
 Stab: Sleeping          |     1 |       ||     1
  Eat: Chunk             |     2 |     5 ||     7
